 Dungeon Crawl Stone Soup version 0.23.0 (webtiles) character file.

Game seed: 1636736139491806240

13124 Lanoc the Nimble (level 12, -3/84 (86) HPs)
             Began as a Gnoll Monk on Feb 13, 2019.
             Was a High Priest of Hepliaklqana.
             Slain by an alligator simulacrum (26 damage)
             ... in an ice cave.
             The game lasted 00:25:41 (11460 turns).

Lanoc the Nimble (Gnoll Monk)                      Turns: 11460, Time: 00:25:41

HP:   -3/84 (86)    AC: 14    Str: 17    XL:     12   Next: 2%
MP:   31/31         EV: 14    Int: 15    God:    Hepliaklqana [*****.]
Gold: 131           SH:  9    Dex: 17    Spells: 24/24 levels left

rFire    . . .     SeeInvis .   O - +1 hand axe (flame)
rCold    . . .     Gourm    .   I - +0 buckler
rNeg     . . .     Faith    .   G - +4 chain mail
rPois    .         Spirit   .   (no helmet)
rElec    .         Reflect  +   (no cloak)
rCorr    .         Harm     .   (no gloves)
MR       .....                  (no boots)
Stlth    +.........             x - +3 amulet of reflection
HPRegen  0.24/turn              b - +2 ring of evasion
MPRegen  0.22/turn              K - ring of magical power

@: no status effects
A: distributed training, reduced essence, fangs 1, strong nose
a: Recall Ancestor, Ancestor Identity, Transference, Idealise, Renounce Religion


You were in an ice cave.
You worshipped Hepliaklqana.
Hepliaklqana was extremely pleased with you.
You were near starving.

You visited 3 branches of the dungeon, and saw 12 of its levels.
You also visited: Ice Cave.

You collected 500 gold pieces.
You spent 369 gold pieces at shops.

Inventory:

Hand Weapons
 y - a +0 scimitar of slicing
 M - a +4 trident of venom
 O - a +1 hand axe of flaming (weapon)
Missiles
 d - 83 bolts
 p - 96 arrows
 w - 41 sling bullets
Armour
 G - a +4 chain mail (worn)
 I - a +0 buckler (worn)
Jewellery
 b - a +2 ring of evasion (left hand)
 x - a +3 amulet of reflection (around neck)
 K - a ring of magical power (right hand)
Wands
 e - a wand of flame (19)
 E - a wand of acid (15)
 H - a wand of polymorph (18)
 J - a wand of digging (4)
 L - a wand of random effects (9)
Scrolls
 f - 2 scrolls of teleportation {unknown}
 g - 2 scrolls of fog
 o - a scroll of fear {unknown}
 q - 4 scrolls of enchant armour
 u - a scroll of enchant weapon
 v - a scroll of magic mapping
 F - 2 scrolls of immolation
 P - a scroll of remove curse
Potions
 a - 2 potions of agility
 h - 4 potions of ambrosia
 i - 4 potions of haste
 j - 3 potions of heal wounds {unknown}
 k - 4 potions of flight
 l - 5 potions of curing
 m - a potion of mutation {unknown}
 n - 3 potions of might {unknown}
 r - 2 potions of magic {unknown}
 t - a potion of cancellation {unknown}
 A - a potion of resistance
 B - a potion of invisibility
 C - a potion of brilliance {unknown}
 D - a potion of lignification {unknown}
Comestibles
 c - 20 rations


   Skills:
 + Level 9.4 Fighting
 + Level 6.7 Short Blades
 + Level 9.4 Long Blades
 + Level 6.7 Axes
 + Level 6.7 Maces & Flails
 + Level 6.7 Polearms
 + Level 6.7 Staves
 + Level 6.7 Slings
 + Level 6.7 Bows
 + Level 6.7 Crossbows
 + Level 6.7 Throwing
 + Level 6.7 Armour
 + Level 9.4 Dodging
 + Level 8.0 Stealth
 + Level 6.7 Shields
 + Level 6.7 Unarmed Combat
 + Level 6.7 Spellcasting
 + Level 5.5 Conjurations
 + Level 5.5 Hexes
 + Level 5.5 Charms
 + Level 5.5 Summonings
 + Level 5.5 Necromancy
 + Level 5.5 Translocations
 + Level 5.5 Transmutations
 + Level 5.5 Fire Magic
 + Level 5.5 Ice Magic
 + Level 5.5 Air Magic
 + Level 5.5 Earth Magic
 + Level 5.5 Poison Magic
 + Level 7.4 Invocations
 + Level 6.7 Evocations


You had 24 spell levels left.
You didn't know any spells.
Your spell library contained the following spells:

 Spells                   Type           Power        Failure   Level  Hunger
 Animate Skeleton         Necr           N/A          16%         1    None
 Confusing Touch          Hex            ###...       16%         1    None
 Pain                     Necr           ###.         16%         1    None
 Shock                    Conj/Air       ###.         16%         1    None
 Summon Small Mammal      Summ           ###.         16%         1    None
 Call Imp                 Summ           ###.....     24%         2    None
 Swiftness                Chrm/Air       ###.....     24%         2    None
 Call Canine Familiar     Summ           ###.....     43%         3    ##.....
 Confuse                  Hex            ###.....     43%         3    ##.....
 Gell's Gravitas          Tloc           ###.......   43%         3    ##.....
 Regeneration             Chrm/Necr      ###.......   43%         3    ##.....
 Static Discharge         Conj/Air       ###.....     43%         3    ##.....
 Summon Guardian Golem    Hex/Summ       ###.....     43%         3    ##.....
 Vampiric Draining        Necr           ###.......   43%         3    ##.....
 Airstrike                Air            ###.......   85%         4    ####...
 Animate Dead             Necr           N/A          85%         4    ####...
 Petrify                  Tmut/Erth      ###.....     85%         4    ####...
 Summon Ice Beast         Ice/Summ       ###.....     85%         4    ####...
 Summon Lightning Spire   Summ/Air       ###.....     85%         4    ####...
 Lightning Bolt           Conj/Air       ###.......   99%         5    #####..
 Metabolic Englaciation   Hex/Ice        ###.......   99%         5    #####..
 Yara's Violent Unravell  Hex/Tmut       ###.......   99%         5    #####..


Dungeon Overview and Level Annotations

Branches:
Dungeon (10/15)            Temple (1/1) D:7            Lair (0/6) D:8
    Orc (1/2) D:10

Altars:
Ashenzari
Cheibriados
Dithmenos
Elyvilon
Fedhas
Gozag
Hepliaklqana
Kikubaaqudgha
Makhleb
Nemelex Xobeh
Okawaru
Qazlal
Ru
Sif Muna
Trog
Uskayaw
Vehumet
Wu Jian
Xom
Yredelemnul
The Shining One

Shops:
D:6 *   D:9 *   D:10 :


Innate Abilities, Weirdness & Mutations

Your experience applies equally to all skills.
You have very sharp teeth.
Your uncanny sense of smell can sniff out nearby items.
Your life essence is reduced to manifest your ancestor. (-10% HP)


Message History

The elephant simulacrum trunk-slaps you but does no damage.
You slash the elephant simulacrum!
You melt the elephant simulacrum.
The elephant simulacrum is severely damaged.
You hit the alligator simulacrum but do no damage.
The alligator simulacrum bites you! The alligator simulacrum freezes you!
The alligator simulacrum closely misses you.
The elephant simulacrum barely misses you.
You block the elephant simulacrum's attack.
You hit the elephant simulacrum.
You melt the elephant simulacrum.
The elephant simulacrum is almost destroyed.
You hit the death yak simulacrum.
You melt the death yak simulacrum.
You hit the alligator simulacrum but do no damage.
You hit the alligator simulacrum.
You melt the alligator simulacrum.
You block the alligator simulacrum's attack.
The alligator simulacrum tail-slaps you but does no damage.
The alligator simulacrum barely misses you.
The alligator simulacrum tail-slaps you.
* * * LOW HITPOINT WARNING * * *
The alligator simulacrum freezes you!!
You die...

#####
##@Z.##
##ZZZ..##
#.......#
#...∩...#
##.....##
##...##
#...#
##...
#...#


You could see 2 alligator simulacra, a death yak simulacrum and an elephant
simulacrum.

Vanquished Creatures
  Josephine (D:9)
  A two-headed ogre (D:8)
  An orc sorcerer (Orc:1)
  4 hippogriffs
  2 wraiths
  A wyvern (D:9)
  15 yaks
  Grum (D:9)
  A warg (D:8)
  A soldier ant (D:9)
  An ice beast (D:8)
  9 orc warriors
  A necrophage (D:8)
  An eye of draining (D:10)
  2 sky beasts
  2 wolves (D:9)
  2 ogres
  A centaur (D:10)
  2 big kobolds
  A wyvern zombie (D:8)
  6 bullfrogs
  4 scorpions
  7 killer bees
  3 wights (D:9)
  A howler monkey (D:4)
  A hexer (Orc:1)
  2 crimson imps
  A quasit (D:10)
  A bullfrog zombie (D:5)
  4 hounds
  8 orc priests
  A bullfrog skeleton (D:10)
  3 jellies
  12 orc wizards
  4 worker ants
  2 killer bee zombies
  A hound skeleton (D:9)
  A hound zombie (D:10)
  A gnoll (D:4)
  7 adders
  A shadow imp (D:6)
  2 adder skeletons (D:4)
  4 worms
  2 dart slugs
  6 leopard geckos
  52 orcs
  7 giant cockroaches
  9 goblins
  9 hobgoblins
  6 jackals
  12 kobolds
  4 quokkas
  2 ball pythons
  6 bats
  8 frilled lizards
  9 rats
259 creatures vanquished.

Vanquished Creatures (collateral kills)
  Erolcha (Orc:1)
  Sigmund (D:6)
  2 wraiths (D:9)
  A hungry ghost (D:7)
  2 wargs
  3 orc warriors
  2 eyes of draining
  2 necrophages
  A phantom (D:6)
  An ice beast (D:5)
  3 ogres
  A centaur (D:8)
  2 killer bees (D:10)
  2 wights (D:9)
  2 howler monkeys
  A hound (D:5)
  An iguana (D:4)
  3 orc priests
  3 orc wizards
  2 worker ants
  A howler monkey zombie (D:6)
  3 adders
  A shadow imp (D:8)
  A worm (D:2)
  10 orcs
  A hobgoblin (D:2)
  A jackal (D:10)
  2 frilled lizards
  A goblin (D:2)
  3 kobolds (D:9)
60 creatures vanquished.

Vanquished Creatures (others)
  A centaur (D:9)
  An orc wizard (Orc:1)
  9 hexers
  An orc (D:10)
  A kobold (D:9)
13 creatures vanquished.

Grand Total: 332 creatures vanquished

Notes
Turn   | Place    | Note
-------+----------+-------------------------------------------
     0 | D:1      | Lanoc the Gnoll Monk began the quest for the Orb.
     0 | D:1      | Reached XP level 1. HP: 23/23 MP: 1/1
   181 | D:1      | Reached XP level 2. HP: 28/29 MP: 2/2
   356 | D:1      | Reached XP level 3. HP: 35/35 MP: 3/3
   601 | D:2      | Reached skill level 1 in Invocations
   719 | D:2      | Found a faded altar of an unknown god.
   737 | D:2      | Reached skill level 1 in Short Blades
   737 | D:2      | Reached skill level 1 in Axes
   737 | D:2      | Reached skill level 1 in Maces & Flails
   737 | D:2      | Reached skill level 1 in Polearms
   737 | D:2      | Reached skill level 1 in Staves
   737 | D:2      | Reached skill level 1 in Slings
   737 | D:2      | Reached skill level 1 in Bows
   737 | D:2      | Reached skill level 1 in Crossbows
   737 | D:2      | Reached skill level 1 in Throwing
   737 | D:2      | Reached skill level 1 in Armour
   737 | D:2      | Reached skill level 1 in Shields
   737 | D:2      | Reached skill level 1 in Unarmed Combat
   737 | D:2      | Reached skill level 1 in Spellcasting
   737 | D:2      | Reached skill level 1 in Evocations
   748 | D:2      | Became a worshipper of Hepliaklqana the Forgotten
   748 | D:2      | Reached * piety under Hepliaklqana
   748 | D:2      | Reached ** piety under Hepliaklqana
   753 | D:2      | Remembered your ancestor Appia as a hexer
   841 | D:2      | Reached XP level 4. HP: 36/36 MP: 5/5
   860 | D:2      | Reached skill level 1 in Conjurations
   860 | D:2      | Reached skill level 1 in Hexes
   860 | D:2      | Reached skill level 1 in Charms
   860 | D:2      | Reached skill level 1 in Summonings
   860 | D:2      | Reached skill level 1 in Necromancy
   860 | D:2      | Reached skill level 1 in Translocations
   860 | D:2      | Reached skill level 1 in Transmutations
   860 | D:2      | Reached skill level 1 in Fire Magic
   860 | D:2      | Reached skill level 1 in Ice Magic
   860 | D:2      | Reached skill level 1 in Air Magic
   860 | D:2      | Reached skill level 1 in Earth Magic
   860 | D:2      | Reached skill level 1 in Poison Magic
   860 | D:2      | Reached XP level 5. HP: 19/42 MP: 6/6
  1148 | D:2      | Reached *** piety under Hepliaklqana
  1514 | D:3      | Found a bloodstained altar of Trog.
  1514 | D:3      | Found a sparkling altar of Nemelex Xobeh.
  2478 | D:4      | Noticed an ogre
  2485 | D:4      | Killed an ogre
  2485 | D:4      | Reached XP level 6. HP: 21/47 MP: 3/8
  3343 | D:4      | Reached XP level 7. HP: 43/53 MP: 10/10
  3512 | D:5      | Entered Level 5 of the Dungeon
  3668 | D:5      | Reached skill level 5 in Stealth
  3842 | D:5      | Reached **** piety under Hepliaklqana
  3942 | D:5      | Found a hide-covered altar of Uskayaw.
  4000 | D:5      | Reached XP level 8. HP: 57/59 MP: 12/12
  4555 | D:6      | Noticed Sigmund
  5196 | D:6      | Killed Sigmund
  5220 | D:6      | Reached XP level 9. HP: 46/64 MP: 14/14
  5587 | D:6      | Found Cud Yjah's Assorted Antiques.
  5593 | D:6      | Bought a scroll labeled LEOLIA QYENU for 18 gold pieces
  5593 | D:6      | Bought a scroll labeled ATUMMU DICAOM for 18 gold pieces
  5593 | D:6      | Bought a scroll labeled COIMIS OLOSAIM for 18 gold pieces
  5593 | D:6      | Bought a scroll labeled COIMIS OLOSAIM for 18 gold pieces
  5593 | D:6      | Bought a potion of curing for 54 gold pieces
  5593 | D:6      | Bought a scroll labeled LACIAT TAJIN for 18 gold pieces
  5814 | D:7      | Reached ***** piety under Hepliaklqana
  6291 | D:7      | Found a staircase to the Ecumenical Temple.
  6296 | Temple   | Entered the Ecumenical Temple
  6708 | D:7      | Found a shimmering altar of Xom.
  7044 | D:7      | Found a sacrificial altar of Ru.
  7301 | D:8      | Noticed a two-headed ogre
  7308 | D:8      | Killed a two-headed ogre
  7308 | D:8      | Reached skill level 5 in Invocations
  7343 | D:8      | Reached XP level 10. HP: 56/72 MP: 17/17
  7746 | D:8      | Found an iron altar of Okawaru.
  7783 | D:8      | Reached skill level 5 in Short Blades
  7783 | D:8      | Reached skill level 5 in Axes
  7783 | D:8      | Reached skill level 5 in Maces & Flails
  7783 | D:8      | Reached skill level 5 in Polearms
  7783 | D:8      | Reached skill level 5 in Staves
  7783 | D:8      | Reached skill level 5 in Slings
  7783 | D:8      | Reached skill level 5 in Bows
  7783 | D:8      | Reached skill level 5 in Crossbows
  7783 | D:8      | Reached skill level 5 in Throwing
  7783 | D:8      | Reached skill level 5 in Armour
  7783 | D:8      | Reached skill level 5 in Shields
  7783 | D:8      | Reached skill level 5 in Unarmed Combat
  7783 | D:8      | Reached skill level 5 in Spellcasting
  7783 | D:8      | Reached skill level 5 in Evocations
  8006 | D:8      | Found a staircase to the Lair.
  8677 | D:9      | Noticed Grum
  8683 | D:9      | Found a hazy altar of Hepliaklqana.
  8725 | D:9      | Killed Grum
  8890 | D:9      | Reached XP level 11. HP: 71/76 MP: 19/19
  9592 | D:9      | Found Xieng's Assorted Antiques.
  9606 | D:9      | Bought a fine morningstar for 225 gold pieces
  9606 | D:9      | Identified the cursed +1 morningstar of Mutilation {drain,
                  | rF+} (You bought it in a shop on level 9 of the Dungeon)
  9758 | D:10     | Entered Level 10 of the Dungeon
  9821 | D:10     | Reached skill level 5 in Conjurations
  9821 | D:10     | Reached skill level 5 in Hexes
  9821 | D:10     | Reached skill level 5 in Charms
  9821 | D:10     | Reached skill level 5 in Summonings
  9821 | D:10     | Reached skill level 5 in Necromancy
  9821 | D:10     | Reached skill level 5 in Translocations
  9821 | D:10     | Reached skill level 5 in Transmutations
  9821 | D:10     | Reached skill level 5 in Fire Magic
  9821 | D:10     | Reached skill level 5 in Ice Magic
  9821 | D:10     | Reached skill level 5 in Air Magic
  9821 | D:10     | Reached skill level 5 in Earth Magic
  9821 | D:10     | Reached skill level 5 in Poison Magic
  9898 | D:10     | Noticed Josephine
 10210 | D:9      | Killed Josephine
 10819 | D:10     | Found Jisivonuu's Book Emporium.
 10824 | D:10     | Found a staircase to the Orcish Mines.
 11209 | D:10     | Noticed a six-headed hydra
 11364 | Orc:1    | Entered Level 1 of the Orcish Mines
 11364 | Orc:1    | Noticed an orc sorcerer
 11372 | Orc:1    | Killed an orc sorcerer
 11388 | Orc:1    | Noticed Erolcha
 11403 | Orc:1    | Killed Erolcha
 11403 | Orc:1    | Reached XP level 12. HP: 78/84 MP: 22/22
 11422 | Orc:1    | Noticed an orc warlord
 11439 | Orc:1    | Found a frozen archway.
 11448 | IceCv    | Entered an ice cave
 11460 | IceCv    | Slain by an alligator simulacrum

Skill      XL: |  1  2  3  4  5  6  7  8  9 10 11 |
---------------+----------------------------------+-----
Invocations    | 1 2 3 4 5 6 7 |  7.4
Short Blades   | 1 2 3 4 5 6 |  6.7
Axes           | 1 2 3 4 5 6 |  6.7
Maces & Flails | 1 2 3 4 5 6 |  6.7
Polearms       | 1 2 3 4 5 6 |  6.7
Staves         | 1 2 3 4 5 6 |  6.7
Slings         | 1 2 3 4 5 6 |  6.7
Bows           | 1 2 3 4 5 6 |  6.7
Crossbows      | 1 2 3 4 5 6 |  6.7
Throwing       | 1 2 3 4 5 6 |  6.7
Armour         | 1 2 3 4 5 6 |  6.7
Shields        | 1 2 3 4 5 6 |  6.7
Unarmed Combat | 1 2 3 4 5 6 |  6.7
Spellcasting   | 1 2 3 4 5 6 |  6.7
Evocations     | 1 2 3 4 5 6 |  6.7
Conjurations   | 1 2 3 4 5 |  5.5
Hexes          | 1 2 3 4 5 |  5.5
Charms         | 1 2 3 4 5 |  5.5
Summonings     | 1 2 3 4 5 |  5.5
Necromancy     | 1 2 3 4 5 |  5.5
Translocations | 1 2 3 4 5 |  5.5
Transmutations | 1 2 3 4 5 |  5.5
Fire Magic     | 1 2 3 4 5 |  5.5
Ice Magic      | 1 2 3 4 5 |  5.5
Air Magic      | 1 2 3 4 5 |  5.5
Earth Magic    | 1 2 3 4 5 |  5.5
Poison Magic   | 1 2 3 4 5 |  5.5
Fighting       | 7 8 9 |  9.4
Long Blades    | 7 8 9 |  9.4
Dodging        | 7 8 9 |  9.4
Stealth        | 5 6 7 8 |  8.0

Action                   |  1- 3 |  4- 6 |  7- 9 | 10-12 || total
-------------------------+-------+-------+-------+-------++-------
Melee: Falchion          |   161 |   186 |   308 |       ||   655
       Bite              |    21 |    35 |    64 |    97 ||   217
       Punch             |       |     2 |     3 |       ||     5
       Trident           |       |       |    49 |   395 ||   444
       Scimitar          |       |       |       |   176 ||   176
       Hand axe          |       |       |       |     2 ||     2
Invok: Ancestor Life: He |     1 |       |       |       ||     1
       Recall Ancestor   |       |       |     1 |     1 ||     2
       Idealise          |       |       |       |     1 ||     1
Evoke: Wand              |       |       |     2 |     1 ||     3
  Use: Scroll            |       |       |    12 |     4 ||    16
       Potion            |       |       |     2 |       ||     2
 Stab: Sleeping          |     1 |       |       |       ||     1
       Confused          |       |       |     6 |     5 ||    11
       Distracted        |       |       |     4 |     7 ||    11
  Eat: Chunk             |       |     8 |    15 |    13 ||    36
Armor: Plate armour      |   103 |    94 |   163 |       ||   360
       Chain mail        |       |       |     4 |   199 ||   203
Dodge: Dodged            |    63 |    63 |   131 |   286 ||   543
Block: Other             |       |       |    16 |       ||    16
       Buckler           |       |       |    48 |   205 ||   253
       Reflection        |       |       |       |     9 ||     9
       Rpst.: Falchion   |    22 |    19 |    37 |       ||    78
       Scimitar          |       |       |       |    27 ||    27
